 Seeded DCSS version 0.30-a0-883-g5ad918d77d (webtiles) character file.

Game seed: 7547814903460644772 (custom seed)

354 Sanktem7 the Cleaver (level 6, -7/61 HPs)
             Began as a Minotaur Fighter on Mar 17, 2023.
             Mangled by an ogre
             ... wielding a +0 giant spiked club
              (19 damage)
             ... on level 4 of the Dungeon.
             The game lasted 00:02:26 (1390 turns).

Sanktem7 the Cleaver (Minotaur Fighter)             Turns: 1390, Time: 00:02:26

Health: -7/61      AC:  8    Str: 22    XL:     6   Next: 35%
Magic:  5/5        EV:  9    Int:  5    God:
Gold:   122        SH:  5    Dex: 10    Spells: 5/5 levels left

rFire   . . .      SeeInvis .    a - +0 war axe {axe}
rCold   . . .      Faith    .    c - +0 buckler
rNeg    . . .      Spirit   .    b - +0 scale mail
rPois   .          Reflect  .    (helmet restricted)
rElec   .          Rampage  .    (no cloak)
rCorr   .                        (no gloves)
Will    .....                    (no boots) Stlth
                                 (no amulet)
HPRegen 0.30/turn                (no ring)
MPRegen 0.09/turn                (no ring)

@: no status effects
A: horns 2, retaliatory headbutt
a: no special abilities


You were on level 4 of the Dungeon.
You visited 1 branch of the dungeon, and saw 4 of its levels.

You collected 122 gold pieces.


Innate Abilities, Weirdness & Mutations

You have a pair of horns on your head.
You reflexively headbutt those who attack you in melee.


   Skills:
 + Level 7.7 Fighting
 * Level 10.0 Axes
 - Level 3.1 Throwing
 + Level 7.6 Armour
 + Level 7.8 Shields


You had 5 spell levels left.
You didn't know any spells.
Your spell library contained the following spells:

 Spells                   Type           Power      Damage    Failure   Level
 Lesser Beckoning         Tloc           0%         N/A       93%         2
 Gell's Gravitas          Tloc           0%         N/A       99%         3
 Teleport Other           Tloc           0%         N/A       99%         3

Inventory:

Hand Weapons
 a - a +0 war axe (weapon) {axe}
 i - a +4 dagger {short}
   (You took it off a kobold on level 1 of the Dungeon)
 s - a +1 heavy flail {mace}
   (You took it off Edmund on level 4 of the Dungeon)
Missiles
 g - 31 stones (quivered) {throwing}
Armour
 b - a +0 scale mail (worn)
 c - a +0 buckler (worn)
Scrolls
 e - a scroll of identify {unknown}
 h - a scroll of magic mapping {unknown}
 l - a scroll of enchant weapon {unknown}
 n - a scroll of teleportation {unknown}
 o - 2 scrolls of vulnerability {unknown}
 p - a scroll of immolation {unknown}
 q - a scroll of poison {unknown}
Potions
 d - 3 potions of might
 f - a potion of haste {unknown}
 j - a potion of degeneration {unknown}
 k - a potion of cancellation {unknown}
 m - a potion of brilliance {unknown}
 r - a potion of berserk rage {unknown}

Dungeon Overview and Level Annotations

Branches:
Dungeon (3/15) Zot: 22597

Altars:

#.# #.# ##+# #.#
##...# #.#### #.....#
#...(# .......##
##.##.#
........####...#.#####
.......)O@............
........####..[#.####
.......## ##.#..#
#.....# ###.## ##...#
#.# ##+# #.# #.# #.#
#.#


You could see an ogre.


Message History

No target in view!
You now have 109 gold pieces (gained 11).
There is a stone staircase leading up here.
Found a stone staircase leading down.
g - 23 stones {throwing} (gained 7)
o - 2 scrolls labelled GEOZIRUREMN (gained 1)
r - a bubbling grey potion
Found an escape hatch in the floor.
g - 29 stones {throwing} (gained 6)
You now have 122 gold pieces (gained 13).
Found a stone staircase leading down.
There is a stone staircase leading down here.
g - 31 stones {throwing} (gained 2)
A ball python comes into view.
The ball python hisses angrily.
A ball python is nearby!
You closely miss the ball python. Your headbutt misses the ball python.
The ball python bites you but does no damage.
The ball python grabs you. The ball python constricts you.
You hit the ball python.
You kill the ball python!
You see here a ball python corpse.
A sourceless malevolence fills the Dungeon...
You fall into a shaft and drop 1 floor!
The shaft crumbles and collapses.
You hear the sound of rushing water.
There is an entrance to a sewer on this level.
Hurry and find it before the portal rusts away!
A giant cockroach comes into view.
You barely miss the giant cockroach. You block the giant cockroach's attack.
Edmund the Younger comes into view.
He is wielding a +1 heavy flail.
Edmund shouts!
The giant cockroach barely misses you. You furiously retaliate!
You headbutt the giant cockroach.
You kill the giant cockroach!
You hit Edmund.
Edmund hits you with a +1 heavy flail! 😮 HP[-16]
You take 16 damage, and now have 36/52 hp.
MASSIVE DAMAGE!! (PAUSE)
You barely miss Edmund. Your headbutt misses Edmund. You slash Edmund!
Edmund hits you with a +1 heavy flail. 😮 HP[-3]
You take 3 damage, and now have 33/52 hp.
You hit Edmund but do no damage. Your headbutt misses Edmund.
You block Edmund's attack.
You closely miss Edmund. 😮 HP[+1]
You hit Edmund. You headbutt Edmund! Edmund closely misses you.
You furiously retaliate!
You headbutt Edmund, but do no damage. You barely miss Edmund.
Edmund hits you with a +1 heavy flail!
* * * LOW HITPOINT WARNING * * *
😨 HP[-12]
You take 12 damage, and now have 22/52 hp.
MASSIVE DAMAGE!! (PAUSE)
You closely miss Edmund. 😨 HP[+1]
You slash Edmund! You headbutt Edmund! You block Edmund's attack.
You slash Edmund!
You kill Edmund!
You have reached level 6! 😨 HP[+4] MP[+1]
You now have 61 max hp (+9).
You regained 4 hp, and now have 27/61 hp.
Your mp is fully restored (5).
s - a +1 heavy flail {mace}
Things that are here:
a +0 scale mail; the human corpse of Edmund 😨 HP[+1] 😨 HP[+1]
You open the door.
A kobold, an ogre and a scorpion come into view.
The kobold shouts!
The ogre shouts! 😨 HP[+1]
There is an open door here.
You hit the kobold.
You kill the kobold!
The scorpion stings you.
* * * LOW HITPOINT WARNING * * *
You see here a +0 dagger {short}. 😨 HP[-4]
You take 4 damage, and now have 26/61 hp.
You closely miss the scorpion. You headbutt the scorpion!
You barely miss the ogre. The scorpion stings you.
* * * LOW HITPOINT WARNING * * *
The ogre hits you with a +0 giant spiked club!
* * * LOW HITPOINT WARNING * * *
😱 HP[-16]
You take 16 damage, and now have 10/61 hp.
MASSIVE DAMAGE!! (PAUSE)
There is an open door here. 😱 HP[+1]
You slash the scorpion! The scorpion barely misses you.
You block the scorpion's attack.
You completely miss the scorpion. You block the scorpion's attack.
You hit the scorpion.
You kill the scorpion!
Your Axes skill increases to level 10!
You hit the ogre. You headbutt the ogre.
The ogre hits you with a +0 giant spiked club!!
You die...

Skill      XL: |  1  2  3  4  5  6 |
---------------+-------------------+-----
Axes           | 7 9 10 | 10.0
Fighting       | 6 7 |  7.7
Armour         | 6 7 |  7.6
Shields        | 6 7 |  7.8
Throwing       | 3 |  3.1

Action                     |  1- 3 |  4- 6 || total
---------------------------+-------+-------++-------
  Melee: War axe           |    25 |    55 ||    80
         Headbutt          |     3 |    10 ||    13
    Use: Potion            |     2 |       ||     2
 Armour: Scale mail        |    11 |    13 ||    24
  Dodge: Dodged            |    10 |    12 ||    22
  Block: Buckler           |     4 |    14 ||    18

Levels and vault maps discovered:
D:1:      lordsloth_arrival_two_stooges, layout_basic,
          chequers_ecumenical_altar_simple
D:2:      layout_loops_ring, uniq_jessica
D:3:      layout_rooms, ashenzari_conservatory_becter,
          pdpol_wu_jian_five_deadly_venoms, kennysheep_generic_room_14
D:4:      layout_loops_corners, grunt_temple_overflow_order_and_chaos_2,
          kennysheep_mini_moat, nemelex_xobeh_ov_fountains_minmay,
          gup_sewer_entry_spiral, uniq_robin, uniq_edmund, uniq_duvessa

Notes
Turn   | Place    | Note
-------+----------+-------------------------------------------
     0 | D:1      | Sanktem7 the Minotaur Fighter began the quest for the Orb.
     0 | D:1      | Reached XP level 1. HP: 19/19 MP: 0/0
     0 | D:1      | magus.rc [v1.9.6]
    36 | D:1      | Found a faded altar of an unknown god.
   139 | D:1      | Reached XP level 2. HP: 21/27 MP: 1/1
   227 | D:1      | Reached skill level 3 in Axes
   413 | D:1      | Identified 2 potions of experience
   413 | D:1      | Reached skill level 6 in Fighting
   413 | D:1      | Reached skill level 7 in Axes
   413 | D:1      | Reached skill level 6 in Armour
   413 | D:1      | Reached skill level 6 in Shields
   413 | D:1      | Reached XP level 3. HP: 37/37 MP: 2/2
   414 | D:1      | Reached skill level 7 in Fighting
   414 | D:1      | Reached skill level 9 in Axes
   414 | D:1      | Reached skill level 3 in Throwing
   414 | D:1      | Reached skill level 7 in Armour
   414 | D:1      | Reached skill level 7 in Shields
   414 | D:1      | Reached XP level 4. HP: 47/47 MP: 3/3
   785 | D:2      | Noticed Jessica
   799 | D:2      | Killed Jessica
   800 | D:2      | Reached XP level 5. HP: 24/52 MP: 4/4
  1092 | D:2      | You pick up a book of Displacement and begin reading...
  1092 | D:2      | You add the spells Lesser Beckoning, Gell's Gravitas and
                  | Teleport Other to your library.
  1354 | D:3      | You fall into a shaft and drop 1 floor!
  1361 | D:4      | Noticed Edmund
  1372 | D:4      | Killed Edmund
  1373 | D:4      | Reached XP level 6. HP: 27/61 MP: 5/5
  1384 | D:4      | HP: 10/61 [ogre/+0 giant spiked club (15)]
  1390 | D:4      | Reached skill level 10 in Axes
  1390 | D:4      | Mangled by an ogre

Vanquished Creatures
  Edmund (D:4)
  A scorpion (D:4)
  Jessica (D:2)
  2 adders (D:2)
  A worm (D:2)
  4 ball pythons
  4 bats
  2 endoplasms
  A giant cockroach (D:4)
  7 hobgoblins
  3 jackals (D:2)
  2 quokkas (D:2)
  2 frilled lizards
  6 goblins
  4 kobolds
  3 rats
44 creatures vanquished.

Table legend:
 A = Non-vault XP
 B = Vault XP
 C = Vault XP percentage of total XP
 D = Non-vault monster count
 E = Vault monster count
 F = Vault count percentage of total count
                 A         B        C        D         E       F
            +---------+---------+-------+---------+---------+-------
      Total |     180 |     208 |  53.6 |      42 |       2 |   4.5
            +---------+---------+-------+---------+---------+-------
        D:1 |      26 |       0 |   0.0 |      16 |       0 |   0.0
        D:2 |      68 |      37 |  35.2 |      21 |       1 |   4.5
        D:3 |       2 |       0 |   0.0 |       2 |       0 |   0.0
        D:4 |      84 |     171 |  67.1 |       3 |       1 |  25.0
            +---------+---------+-------+---------+---------+-------

Illustrated notes

Table legend:
 A = Kills in this place as a percentage of kills in the entire game.
 B = Kills by you in this place as a percentage of kills by you in the entire game.
 C = Kills by friends in this place as a percentage of kills by friends in the entire game.
 D = Other kills in this place as a percentage of other kills in the entire game.
 E = Experience gained in this place as a percentage of experience gained in the entire game.
 F = Experience gained in this place divided by the number of levels of this place that you have seen.
                   A       B       C       D       E      F
               +-------+-------+-------+-------+-------+----------------------
         Total | 100.0 | 100.0 |   N/A |   N/A | 100.0 |  97.0
       Dungeon | 100.0 | 100.0 |   N/A |   N/A | 100.0 |  97.0
               +-------+-------+-------+-------+-------+----------------------

Table legend: (Time is in decaauts)
 A = Elapsed time spent in this place.
 B = Non-inter-level travel time spent in this place.
 C = Inter-level travel time spent in this place.
 D = Time resting spent in this place.
 E = Time spent auto-exploring this place.
 F = Levels seen in this place.
 G = Mean time per level.
                   A        B        C        D        E       F      G
               +--------+--------+--------+--------+--------+-----+--------+
         Total |   1401 |   1338 |     63 |      0 |   1115 |   4 |  350.2 |
       Dungeon |   1401 |   1338 |     63 |      0 |   1115 |   4 |  350.2 |
               +--------+--------+--------+--------+--------+-----+--------+

Top non-repeatable levels by time:
     D:2: 798 daAuts
     D:1: 459 daAuts
     D:3: 107 daAuts
     D:4: 36 daAuts
